AoeStats
← El_Manu>CL<

Four Lakes

507871547Analyzed
1v1 RM · 12d ago on Sep 20, 2026· 62m 13s· 2 players
Game mode
Random Map
Map size
Tiny (2 player)
Population
200
Speed
Normal
Resources
Standard
Victory
Conquest
Starting age
Dark Age
Ending age
Imperial Age
RankedLock teamsTeams togetherTeam positionsShared explorationLock speedFull tech treeHidden civsTurbo modeCheats
Victory
Defeat
🇨🇱 Mongols · Chile
1029
+15
🇹🇷 Saracens · Türkiye
998
-15
nnvtn
11:20 Feudal Age
9:37 Loom
11:23 Feudal Age
12:49 Double-Bit Axe
12:54 Fishing Lines
18:54 Castle Age
17:44 Fletching
18:30 Padded Archer Armor
19:58 Gold Mining
20:22 Bow Saw
19:58 Horse Collar
20:19 Gillnets
22:20 Bodkin Arrow
23:40 Crossbowman
24:53 Thumb Ring
26:15 Wheelbarrow
25:33 Town Watch
28:14 Scale Barding Armor
29:52 Ballistics
29:29 Murder Holes
29:45 Masonry
29:18 Treadmill Crane
34:28 Imperial Age
35:54 Gold Shaft Mining
35:12 Stone Mining
36:23 Hoardings
35:10 Elite Mameluke
36:11 Conscription
36:34 Hand Cart
36:20 Town Patrol
40:00 Chain Barding Armor
39:50 Forging
39:41 Bracer
39:56 Leather Archer Armor
42:54 Iron Casting
42:54 Plate Barding Armor
42:35 Leather Archer Armor
43:36 Bloodlines
43:27 Husbandry
45:43 Chemistry
44:49 Siege Engineers
44:11 Light Cavalry
49:19 Blast Furnace
48:36 Arbalester
52:57 Heavy Camel Rider
54:28 Hussar
59:31 Heavy Camel Rider
El_Manu>CL<
5:16 Loom
10:28 Feudal Age
10:58 Double-Bit Axe
11:03 Horse Collar
17:09 Gold Mining
17:41 Fishing Lines
17:55 Fishing Lines
20:31 Castle Age
22:33 Wheelbarrow
23:08 Town Watch
25:32 Hand Cart
28:12 Imperial Age
25:50 Town Patrol
27:08 Scale Barding Armor
27:13 Forging
27:42 Gillnets
28:58 Bow Saw
28:17 Light Cavalry
29:08 Bloodlines
30:44 Hussar
31:24 Husbandry
32:02 Iron Casting
31:47 Chain Barding Armor
32:41 Heavy Plow
33:57 Ballistics
35:40 Blast Furnace
40:13 Thumb Ring
42:34 Conscription
42:32 Crossbowman
43:05 Fletching
43:27 Arbalester
44:16 Bodkin Arrow
44:21 Padded Archer Armor
45:24 Chemistry
45:45 Bracer
46:01 Leather Archer Armor
Connection lost

Rejoining the realm…

Still unreachable

The connection could not be restored.

Session expired

The server has moved on; the page needs a fresh start.